 Dungeon Crawl Stone Soup version 0.18.1-5-g4a78601 (webtiles) character file.

300294 Ingvold the Executioner (level 21, -2/202 HPs)
             Began as a Hill Orc Fighter on May 9, 2016.
             Was an Elder of Okawaru.
             Slain by a deep elf high priest
             ... wielding a +0 long sword
              (6 damage)
             ... on level 3 of the Elven Halls.
             The game lasted 04:54:06 (39069 turns).

Ingvold the Executioner (Hill Orc Fighter)         Turns: 39069, Time: 04:54:07

Health: -2/202     AC: 39    Str: 37    XL:     21   Next: 1%
Magic:  29/29      EV:  8    Int:  8    God:    Okawaru [****..]
Gold:   4020       SH: 25    Dex: 15    Spells: 0 memorised, 20 levels left

rFire  + + .     SeeInvis .     y - +6 broad axe (freeze)
rCold  + + .     Gourm    .     A - +2 plate armour {rF+}
rNeg   . . .     Faith    .     C - +0 large shield
rPois  +         Spirit   .     d - +2 hat
rElec  .         Dismiss  .     F - +2 cloak {MR+}
rCorr  .         Reflect  .     J - +4 pair of gloves "Cisi" {rF+}
SustAt .         Harm     .     W - +0 pair of boots of Etzaifor {-Cast Str+8 Dex-3 Stlth+}
MR     ++...     NoCast   +     U - amulet "Qyanoc" {RegenMP +Blink rPois Dex+4}
Stlth  ..........               V - ring "Tyzaur" {*Corrode rC++ Dex+4 Stlth+}
                                m - ring of the Ancients {Slay+2 Stlth+}

@: about to teleport, drained, very resistant to hostile enchantments, extremely
unstealthy
A: horns 1, iridescent scales 1, slimy green scales 1
a: Heroism, Renounce Religion, Evoke Blink
}: 2/15 runes: serpentine, barnacled


You were on level 3 of the Elven Halls.
You worshipped Okawaru.
Okawaru was greatly pleased with you.
You were hungry.

You visited 7 branches of the dungeon, and saw 36 of its levels.
You also visited: Ice Cave and Wizlab.

You collected 4020 gold pieces.

Inventory:

Hand Weapons
 y - a +6 broad axe of freezing (weapon)
Armour
 d - a +2 hat (worn)
 k - the -4 buckler of Existentialism {rElec Dex+4 SInv}
   (You acquired it on level 8 of the Dungeon)

   It affects your dexterity (+4).
   It insulates you from electricity.
   It lets you see invisible.
 A - a +2 plate armour of fire resistance (worn)
 C - a +0 large shield (worn)
 F - a +2 cloak of magic resistance (worn)
 J - the +4 pair of gloves "Cisi" (worn) {rF+}
   (Okawaru gifted it to you on level 2 of the Lair of Beasts)

   It protects you from fire.
 Q - a +0 hat of magic resistance
 W - the +0 pair of boots of Etzaifor (worn) {-Cast Str+8 Dex-3 Stlth+}
   (Okawaru gifted it to you on level 1 of the Lair of Beasts)

   It affects your strength (+8).
   It affects your dexterity (-3).
   It prevents spellcasting.
   It makes you more stealthy.
 X - a +1 helmet of see invisible
Jewellery
 i - an uncursed ring of positive energy
 m - the ring of the Ancients (left hand) {Slay+2 Stlth+}
   (You found it in an ice cave)

   [ring of stealth]

   It affects your accuracy and damage with ranged weapons and melee attacks
   (+2).
   It makes you more stealthy.
 R - an uncursed ring of protection from magic
 U - the amulet "Qyanoc" (around neck) {RegenMP +Blink rPois Dex+4}
   (You acquired it on level 1 of the Lair of Beasts)

   [amulet of magic regeneration]

   It increases your magic regeneration.
   It affects your dexterity (+4).
   It protects you from poison.
   It lets you blink.
 V - the ring "Tyzaur" (right hand) {*Corrode rC++ Dex+4 Stlth+}
   (You acquired it on level 8 of the Lair of Beasts)

   [ring of stealth]

   It affects your dexterity (+4).
   It greatly protects you from cold.
   It may corrode you when you take damage.
   It makes you more stealthy.
Wands
 a - a wand of acid (5/15)
 b - a wand of heal wounds (1/9)
 c - a wand of teleportation (4/9)
 o - a wand of iceblast (8/15)
 t - a wand of digging (17/24)
 z - a wand of polymorph (12/24)
 B - a wand of lightning (1/15)
 G - a wand of confusion (36/48)
 I - a wand of acid (0/15)
 O - a wand of slowing (39/48)
Scrolls
 e - 16 scrolls of remove curse
 g - 8 scrolls of teleportation
 j - 2 scrolls of summoning
 n - 8 scrolls of identify
 p - 4 scrolls of blinking
 v - 5 scrolls of enchant armour
 w - 6 scrolls of magic mapping
 x - a scroll of fear
 K - 2 scrolls of silence
 M - a scroll of recharging
 T - 2 scrolls of fog
Potions
 h - 3 potions of flight
 l - 2 potions of agility
 q - 8 potions of heal wounds
 u - 10 potions of curing
 D - 2 potions of haste
 N - 3 potions of cancellation
 Z - 3 potions of resistance
Miscellaneous
 P - a fan of gales
 S - a lamp of fire
Comestibles
 f - 20 bread rations
 r - a royal jelly
 s - 2 beef jerkies
 E - a meat ration
 H - a chunk of flesh


   Skills:
 * Level 20.3(20.1) Fighting
 * Level 21.4(21.2) Axes
 * Level 18.6(18.5) Armour
 * Level 18.8(18.6) Shields
 - Level 7.0(6.8) Invocations
 + Level 10.7(10.5) Evocations


You had 20 spell levels left.
You didn't know any spells.

Dungeon Overview and Level Annotations

Branches:
Dungeon (14/15) Temple (1/1) D:6 Lair (8/8) D:9 Shoals (4/4) Lair:4 Snake (4/4) Lair:5 Slime (0/6) Lair:8 Orc (2/2) D:12 Elf (3/3) Orc:2 Vaults (0/5) D:13 D:14

Altars:
Ashenzari
Cheibriados
Dithmenos
Elyvilon
Fedhas
Gozag
Kikubaaqudgha
Makhleb
Nemelex Xobeh
Okawaru
Pakellas
Qazlal
Ru
Sif Muna
Trog
Vehumet
Xom
Yredelemnul
Zin
The Shining One
Beogh

Shops:
D:9 }   Orc:2 [:%=   Elf:2 }   Elf:3 :   Shoals:1 [


Innate Abilities, Weirdness & Mutations

You have a pair of small horns on your head.
You are partially covered in iridescent scales (AC +4).
You are partially covered in slimy green scales (AC +2).


Message History

A dancing weapon and a deep elf demonologist come into view.
Evoke which item? (* to show all) (? for menu, Esc to quit)
Zapping:
b - a wand of heal wounds (2/9)
Press: ? - help, Shift-Dir - straight line, f - you You feel much better.
This wand has 1 charge left.
The deep elf elementalist gestures next to you while chanting.
Some walls begin to move on their own!
The deep elf sorcerer shouts, "You are history!"
The deep elf annihilator casts a spell.
The deep elf annihilator blinks!
The deep elf sorcerer points at you and mumbles some strange words.
The bolt of acid hits you!
* * * LOW HITPOINT WARNING * * *
The acid burns!
* * * LOW HITPOINT WARNING * * *
The deep elf elementalist gestures at thin air while chanting.
You hear rumbling.
The deep elf demonologist is empowered by the deep elf high priest's aura!
The deep elf high priest hits you with a long sword.
You die...

#....3e)3....# ..
#..[.e3?e.)..#
.###(###.....ee.....##
.............4....###
..e...(.......(..##
....e...e.e......
.......E.e.#.#...
.......Ee#E#.#...
#...E.e@..#. ....
##...E.E.#.....
##........ ...
......#...... e
..ยง.......e....
............... ..e..
......... ##
............... e###


You could see 3 deep elf annihilators, 2 deep elf sorcerers, a deep elf
elementalist, a deep elf demonologist, a deep elf archer (wandering), 4 deep elf
high priests, 5 earth elementals, a water elemental, a deep elf mage, a chaos
spawn, a red devil and 2 dancing weapons.

Vanquished Creatures
  Norris (D:14)
  Saint Roka (Snake:4)
  Vashnia (Snake:4)
  Rupert (Lair:6)
  A deep elf blademaster (Elf:2)
  Gastronok (Lair:2)
  Frances (Shoals:2)
  10 greater nagas
  Donald (D:14)
  Ilsuiw (Shoals:4)
  A deep elf sorcerer (Elf:3)
  A frost giant (IceCv)
  Aizul (Snake:4)
  Maud (D:11)
  3 stone giants
  2 deep elf annihilators
  9 purple draconians (WizLab)
  4 deep elf demonologists
  9 statues (WizLab)
  A deep elf high priest (Elf:2)
  8 merfolk javelineers
  Snorg (D:11)
  3 deep elf death magi (Elf:3)
  8 merfolk impalers
  2 fire dragons
  12 naga warriors
  5 hydras
  4 merfolk avatars
  Erica (Lair:2)
  3 centaur warriors
  An anaconda (shapeshifter) (Elf:1)
  6 anacondas
  A death knight (D:14)
  24 dancing weapons
  5 merfolk aquamancers (Shoals:4)
  The ghost of MikeMike the Blocker, a novice MiFi of Qazlal (D:10)
  2 tengu warriors
  3 satyrs
  5 death yaks
  5 orc high priests
  13 naga sharpshooters
  8 shock serpents
  13 deep elf knights
  Nergalle (Lair:2)
  Sonja (Lair:1)
  3 salamander mystics (Snake:4)
  16 sea snakes
  4 skeletal warriors (D:14)
  9 naga ritualists
  4 deep elf archers
  2 unseen horrors
  6 hill giants
  The ghost of slacking the Skirmisher, a novice DrSk of Okawaru (D:5)
  5 orc knights (Orc:2)
  12 griffons
  14 harpies
  58 deep elf magi
  6 orc sorcerers
  7 cyclopes
  8 fauns
  6 mana vipers
  11 salamanders
  3 ugly things
  11 manticores
  15 sirens
  4 elephants (Lair:7)
  3 guardian serpents
  5 water nymphs
  A centaur zombie (D:13)
  39 black mambas
  An octopode (shapeshifter) (Elf:2)
  A centaur skeleton (D:14)
  A torpor snail (Lair:6)
  2 gargoyles (D:14)
  13 spiny frogs
  30 naga magi
  A kobold demonologist (D:13)
  3 rime drakes
  12 komodo dragons
  3 wind drakes
  A queen bee (Lair:4)
  A tengu conjurer (D:13)
  4 trolls
  24 polar bears
  2 raiju (Lair:8)
  A two-headed ogre (shapeshifter) (Elf:1)
  47 merfolk
  A boulder beetle (Lair:8)
  Grinder (D:3)
  5 two-headed ogres
  9 snapping turtles
  24 blink frogs
  12 slime creatures
  A spriggan (D:7)
  2 air elementals
  A shadow (D:11)
  2 wyverns (D:13)
  14 water elementals
  92 yaks
  5 fire elementals
  15 humans
  5 basilisks
  2 steam dragons (Lair:8)
  3 hungry ghosts
  16 hippogriffs
  Menkaure (D:4)
  47 nagas
  3 mottled dragons
  A soldier ant (D:14)
  14 wargs
  6 hell hounds (Lair:8)
  21 porcupines
  8 water moccasins
  2 swamp drakes (Lair:8)
  A sky beast (D:6)
  15 black bears
  A wasp (D:14)
  3 ice beasts
  A phantom (D:6)
  27 orc warriors
  14 ogres
  29 wolves
  7 centaurs
  18 crocodiles
  3 big kobolds
  20 giant frogs
  An earth elemental (Elf:1)
  2 wyvern skeletons
  5 scorpions
  24 killer bees (Lair:4)
  A howler monkey (D:8)
  An electric eel (Lair:4)
  9 wights
  A quasit (D:6)
  4 crimson imps
  10 jellies
  26 orc priests
  Crazy Yiuf (D:7)
  18 hounds
  2 giant frog skeletons
  19 orc wizards
  2 gnoll shamans (D:5)
  11 iguanas
  11 worker ants
  11 sheep
  A hound zombie (D:10)
  A hound skeleton (D:4)
  A worker ant zombie (D:6)
  36 gnolls
  A howler monkey skeleton (D:8)
  15 adders
  60 river rats
  4 shadow imps
  2 adder zombies
  14 oozes
  An adder skeleton (D:5)
  3 worms
  2 dart slugs
  8 giant geckos
  97 orcs
  7 bats
  5 giant cockroaches
  6 goblins
  13 hobgoblins
  30 jackals
  19 kobolds
  3 quokkas
  2 giant newts
  A quokka skeleton (D:6)
  9 rats
  A bush (Lair:8)
  8 fungi
  23 plants
1571 creatures vanquished.

Vanquished Creatures (others)
  A hydra (Lair:1)
  A naga mage (Snake:4)
  A human (D:14)
  An iguana (Lair:8)
  2 bushes
  10 fungi
  14 plants
30 creatures vanquished.

Grand Total: 1601 creatures vanquished

Notes
Turn   | Place    | Note
--------------------------------------------------------------
     0 | D:1      | Ingvold the Hill Orc Fighter began the quest for the Orb.
     0 | D:1      | Reached XP level 1. HP: 19/19 MP: 1/1
   263 | D:1      | Reached XP level 2. HP: 27/27 MP: 2/2
   373 | D:1      | Reached skill level 3 in Axes
   455 | D:1      | Reached XP level 3. HP: 33/33 MP: 3/3
  1005 | D:2      | Found a sparkling altar of Nemelex Xobeh.
  1023 | D:2      | Found a basalt altar of Yredelemnul.
  1265 | D:2      | Reached XP level 4. HP: 31/41 MP: 4/4
  1288 | D:2      | Found a shadowy altar of Dithmenos.
  1665 | D:2      | Reached skill level 4 in Axes
  1823 | D:2      | Reached XP level 5. HP: 37/47 MP: 5/5
  1911 | D:2      | Found an opulent altar of Gozag.
  2141 | D:3      | Reached skill level 5 in Fighting
  2323 | D:3      | Noticed Grinder
  2830 | D:3      | Paralysed by Grinder for 2 turns
  2833 | D:3      | Killed Grinder
  2833 | D:3      | Reached skill level 5 in Axes
  2833 | D:3      | Reached XP level 6. HP: 40/57 MP: 6/6
  2855 | D:3      | Found a sacrificial altar of Ru.
  3134 | D:4      | Found a radiant altar of Vehumet.
  3186 | D:4      | Found a glowing golden altar of the Shining One.
  3188 | D:4      | Found a stormy altar of Qazlal.
  3295 | D:4      | Reached XP level 7. HP: 61/63 MP: 7/7
  3327 | D:4      | Noticed Menkaure
  3337 | D:4      | Killed Menkaure
  3337 | D:4      | Reached skill level 5 in Armour
  3435 | D:4      | Found a blossoming altar of Fedhas.
  3446 | D:4      | Reached skill level 5 in Shields
  3824 | D:5      | Entered Level 5 of the Dungeon
  3903 | D:5      | Reached skill level 6 in Axes
  3982 | D:5      | Noticed slacking's ghost (novice DrSk)
  4035 | D:5      | HP: 1/64 [slacking's ghost/bolt of negative energy (24)]
  4388 | D:6      | Reached XP level 8. HP: 68/71 MP: 8/8
  4430 | D:6      | Reached skill level 1 in Evocations
  4476 | D:6      | Found a staircase to the Ecumenical Temple.
  4486 | Temple   | Entered the Ecumenical Temple
  4492 | Temple   | Became a worshipper of Warmaster Okawaru
  5132 | D:7      | Reached skill level 7 in Axes
  5194 | D:6      | Reached * piety under Okawaru
  5234 | D:6      | Got a fine platinum ring
  5235 | D:6      | Identified the ring "Soump" {Fire rN+} (You found it on level 6 of the Dungeon)
  5241 | D:6      | Found an ancient bone altar of Kikubaaqudgha.
  5259 | D:6      | Reached skill level 1 in Invocations
  5259 | D:6      | Reached XP level 9. HP: 56/81 MP: 10/10
  5355 | D:6      | Reached ** piety under Okawaru
  5372 | D:6      | Reached skill level 8 in Axes
  5582 | D:5      | Killed slacking's ghost
  6789 | D:7      | You fall through a shaft for 3 floors!
  6789 | D:10     | Entered Level 10 of the Dungeon
  6798 | D:10     | Reached skill level 9 in Axes
  6798 | D:10     | Reached XP level 10. HP: 78/90 MP: 12/12
  6822 | D:10     | Got a scorched dagger
  6863 | D:9      | Reached *** piety under Okawaru
  6997 | D:7      | Noticed Crazy Yiuf
  7002 | D:7      | Killed Crazy Yiuf
  7226 | D:7      | Killed an unseen horror
  7738 | D:8      | Reached skill level 10 in Axes
  7738 | D:8      | Reached **** piety under Okawaru
  7762 | D:8      | Identified a scroll of acquirement
  7765 | D:8      | Got a faintly glowing buckler
  7776 | D:8      | Identified the -4 buckler of Existentialism {rElec Dex+4 SInv} (You acquired it on level 8 of the Dungeon)
  8185 | D:8      | Found a shimmering altar of Xom.
  8305 | D:9      | Found Monysecw's Gadget Shoppe.
  8344 | D:9      | Noticed a guardian serpent
  8347 | D:8      | Reached skill level 5 in Invocations
  8348 | D:8      | Reached XP level 11. HP: 73/99 MP: 14/14
  8491 | D:9      | Reached skill level 10 in Fighting
  8502 | D:8      | Reached ***** piety under Okawaru
  8695 | D:8      | Reached skill level 11 in Axes
  8842 | D:9      | Found a staircase to the Lair.
  8863 | D:9      | Found a white marble altar of Elyvilon.
  9112 | D:9      | Found an oddly glowing altar of Pakellas.
  9545 | Lair:1   | Entered Level 1 of the Lair of Beasts
  9669 | Lair:1   | Noticed an eight-headed hydra
 10118 | Lair:2   | Reached skill level 5 in Evocations
 10155 | Lair:2   | Reached skill level 10 in Shields
 10170 | Lair:2   | Noticed Erica
 10184 | Lair:3   | Reached skill level 10 in Armour
 10192 | Lair:3   | Reached XP level 12. HP: 34/108 MP: 14/17
 10202 | Lair:3   | Noticed a four-headed hydra
 10664 | Lair:3   | Killed an 18-headed hydra
 10664 | Lair:3   | Reached skill level 12 in Axes
 11395 | Lair:2   | Reached ****** piety under Okawaru
 11414 | Lair:2   | Noticed Nergalle
 11425 | Lair:2   | Killed Nergalle
 11425 | Lair:2   | Received a gift from Okawaru
 11434 | Lair:2   | Got a pair of heavily runed gloves {god gift}
 11440 | Lair:2   | Identified the +4 pair of gloves "Cisi" {rF+} (Okawaru gifted it to you on level 2 of the Lair of Beasts)
 11488 | Lair:2   | Noticed Gastronok
 11499 | Lair:2   | Killed Gastronok
 11626 | Lair:2   | Killed Erica
 12078 | Lair:1   | Noticed Sonja
 12116 | Lair:1   | Reached skill level 13 in Axes
 12311 | Lair:1   | Killed an eight-headed hydra
 12470 | Lair:1   | Got a flickering tin amulet
 12472 | Lair:1   | Identified the amulet "Qyanoc" {RegenMP +Blink rPois Dex+4} (You acquired it on level 1 of the Lair of Beasts)
 12581 | Lair:1   | Reached XP level 13. HP: 102/118 MP: 18/18
 12677 | Lair:1   | Killed Sonja
 12813 | Lair:1   | Received a gift from Okawaru
 12818 | Lair:1   | Got a pair of jewelled boots {god gift}
 12824 | Lair:1   | Identified the +0 pair of boots of Etzaifor {-Cast Str+8 Dex-3 Stlth+} (Okawaru gifted it to you on level 1 of the Lair of Beasts)
 12850 | Lair:2   | Identified the +5 dagger "Qidakusofy" {drain, rElec Int-5 Dex+5 SInv} (You found it on level 10 of the Dungeon)
 13228 | Lair:4   | Found a staircase to the Shoals.
 13929 | Lair:5   | Found a staircase to the Snake Pit.
 14609 | Lair:6   | Reached skill level 14 in Axes
 14754 | Lair:6   | Noticed Rupert
 14767 | Lair:6   | Killed Rupert
 14767 | Lair:6   | Received a gift from Okawaru
 15700 | Lair:7   | Reached XP level 14. HP: 126/129 MP: 19/19
 15768 | Lair:7   | Received a gift from Okawaru
 16094 | Lair:7   | Reached skill level 15 in Axes
 16773 | Lair:8   | Entered Level 8 of the Lair of Beasts
 17216 | Lair:8   | Found a labyrinth entrance.
 17342 | Lair:8   | Got a translucent copper ring
 17344 | Lair:8   | Identified the ring "Tyzaur" {*Corrode rC++ Dex+4 Stlth+} (You acquired it on level 8 of the Lair of Beasts)
 17379 | Lair:8   | Found a staircase to the Slime Pits.
 17654 | Lair:8   | Received a gift from Okawaru
 17835 | Lair:8   | Got a transparent cloak
 17846 | Lair:8   | Identified the +1 cloak "Ezxukeuvu" {rF+ rC- Stlth+} (You found it on level 8 of the Lair of Beasts)
 18332 | Lair:5   | Received a gift from Okawaru
 18335 | Lair:5   | Got a bloodstained hand axe {god gift}
 18340 | Lair:5   | Identified the +7 hand axe of the Other Side {holy, Str+5 Int-5} (Okawaru gifted it to you on level 5 of the Lair of Beasts)
 18356 | Snake:1  | Entered Level 1 of the Snake Pit
 18390 | Snake:1  | Reached XP level 15. HP: 89/139 MP: 9/20
 19272 | D:11     | Noticed Maud
 19288 | D:11     | Killed Maud
 19578 | D:11     | Found an ancient bone altar of Kikubaaqudgha.
 19579 | D:11     | Noticed Snorg
 19590 | D:11     | Killed Snorg
 19913 | D:12     | Found a staircase to the Orcish Mines.
 19919 | D:12     | Reached skill level 16 in Axes
 19968 | D:12     | Received a gift from Okawaru
 20038 | D:12     | Found a roughly hewn altar of Beogh.
 20137 | D:12     | Reached skill level 15 in Fighting
 20336 | Orc:1    | Entered Level 1 of the Orcish Mines
 20484 | Orc:2    | Entered Level 2 of the Orcish Mines
 20998 | Orc:2    | Found a staircase to the Elven Halls.
 21148 | Orc:2    | Found Yrepp's Jewellery Boutique.
 21148 | Orc:2    | Found Satez's Armour Shoppe.
 21154 | Orc:2    | Found Umiok's Food Boutique.
 21154 | Orc:2    | Found Utivuy's Book Shoppe.
 21989 | Elf:1    | Entered Level 1 of the Elven Halls
 22005 | Elf:1    | Received a gift from Okawaru
 22064 | Orc:2    | Reached XP level 16. HP: 77/149 MP: 22/22
 22253 | D:13     | Found a frozen archway.
 22263 | IceCv    | Entered an ice cave
 22314 | IceCv    | Got a slimy brass ring
 22320 | IceCv    | Identified the ring of the Ancients {Slay+2 Stlth+} (You found it in an ice cave)
 22639 | IceCv    | Reached skill level 17 in Axes
 23391 | D:14     | Found a gate to the Vaults.
 23391 | D:14     | Noticed Donald
 23391 | D:14     | Noticed Norris
 23607 | D:14     | Killed Donald
 23610 | D:14     | Received a gift from Okawaru
 23623 | D:14     | Killed Norris
 23623 | D:14     | Reached skill level 15 in Shields
 23727 | D:14     | Got a faintly glowing scale mail
 23730 | D:14     | Identified the +3 scale mail of Birool {*Confuse rElec rPois MR+++} (You found it on level 14 of the Dungeon)
 23770 | D:14     | Reached skill level 15 in Armour
 24437 | D:14     | Found an iron altar of Okawaru.
 24818 | Shoals:1 | Entered Level 1 of the Shoals
 24844 | Shoals:1 | Found Docusa's Antique Armour Boutique.
 24995 | Shoals:1 | Got a smoking diamond amulet
 24997 | Shoals:1 | Identified the amulet "Ympet" {Dismiss rN+ Int+6} (You acquired it on level 1 of the Shoals)
 25033 | Shoals:1 | Reached XP level 17. HP: 121/160 MP: 23/23
 25102 | Shoals:1 | Gained mutation: You are partially covered in iridescent scales (AC +4). [potion of beneficial mutation]
 25103 | Shoals:1 | Gained mutation: You are partially covered in slimy green scales (AC +2). [potion of beneficial mutation]
 25396 | Shoals:2 | Noticed Frances
 25422 | Shoals:2 | Killed Frances
 25851 | Shoals:2 | Reached skill level 18 in Axes
 26704 | Shoals:3 | Received a gift from Okawaru
 27976 | Shoals:4 | Entered Level 4 of the Shoals
 28021 | Shoals:4 | Noticed Ilsuiw
 28041 | Shoals:4 | Killed Ilsuiw
 28141 | Shoals:4 | Received a gift from Okawaru
 28412 | Shoals:4 | Gained mutation: You have a pair of small horns on your head. [potion of beneficial mutation]
 28597 | Shoals:4 | Reached XP level 18. HP: 158/171 MP: 25/25
 28743 | Shoals:4 | Got a barnacled rune of Zot
 29181 | Shoals:4 | Reached skill level 10 in Evocations
 29465 | Shoals:4 | Reached skill level 19 in Axes
 29985 | Snake:1  | Received a gift from Okawaru
 31010 | Snake:2  | You fall through a shaft!
 31285 | Snake:3  | Received a gift from Okawaru
 31297 | Snake:3  | Got a distressingly furry chain mail {god gift}
 31298 | Snake:3  | Identified the +0 chain mail of Dim Light {rElec rPois MR+} (Okawaru gifted it to you on level 3 of the Snake Pit)
 32518 | Snake:4  | Entered Level 4 of the Snake Pit
 32524 | Snake:4  | Noticed Saint Roka
 32527 | Snake:4  | Noticed Aizul
 32551 | Snake:4  | Reached XP level 19. HP: 79/181 MP: 26/26
 32555 | Snake:4  | Killed Aizul
 32565 | Snake:4  | Killed Saint Roka
 33882 | Snake:4  | Reached skill level 20 in Axes
 34107 | Snake:4  | Received a gift from Okawaru
 34476 | Snake:4  | Noticed Vashnia
 34489 | Snake:4  | Received a gift from Okawaru
 34502 | Snake:4  | Killed Vashnia
 34537 | Snake:4  | Got a serpentine rune of Zot
 35255 | D:10     | Noticed MikeMike's ghost (novice MiFi)
 35264 | D:10     | Killed MikeMike's ghost
 36078 | Elf:1    | Reached XP level 20. HP: 191/191 MP: 27/27
 36109 | Elf:1    | Found a shimmering altar of Xom.
 36655 | Elf:2    | Found a runed gate.
 36657 | Elf:2    | Found a runed gate.
 36658 | Elf:2    | Found a runed gate.
 36743 | Elf:2    | Found Oblouklegi's Gadget Shoppe.
 36749 | Elf:2    | Found a magical portal.
 36761 | WizLab   | Entered Iskenderun's Mystic Tower
 37251 | WizLab   | Reached skill level 21 in Axes
 38374 | Elf:2    | Received a gift from Okawaru
 38784 | Elf:3    | Entered Level 3 of the Elven Halls
 38784 | Elf:3    | Found a deep blue altar of Sif Muna.
 38805 | Elf:3    | Found Siekk's Book Emporium.
 39060 | Elf:3    | Noticed a Brimstone Fiend
 39067 | Elf:3    | Reached XP level 21. HP: 73/202 MP: 29/29
 39069 | Elf:3    | HP: 4/202 [acid (14)]
 39069 | Elf:3    | Slain by a deep elf high priest

Skill      XL: |  1  2  3  4  5  6  7  8  9 10 11 12 13 14 15 16 17 18 19 20 |
---------------+-------------------------------------------------------------+-----
Fighting       | 4 5 6 7 8 9 10 12 13 14 15 16 17 18 19 20 | 20.3
Axes           | 3 4 5 6 7 9 10 11 13 14 15 16 17 18 19 20 21 | 21.4
Armour         | 4 5 6 7 9 10 11 12 13 14 15 16 17 18 | 18.6
Shields        | 4 5 6 7 8 10 11 12 13 14 15 16 17 18 | 18.8
Evocations     | 2 3 4 5 6 7 8 9 10 | 10.7
Invocations    | 1 3 5 6 7 |  7.0

Action                   |  1- 3 |  4- 6 |  7- 9 | 10-12 | 13-15 | 16-18 | 19-21 || total
-------------------------+-------+-------+-------+-------+-------+-------+-------++-------
Melee: War axe           |   116 |   234 |   400 |   501 |  1002 |       |       ||  2253
       Hand axe          |       |       |       |       |    32 |       |       ||    32
       Broad axe         |       |       |       |       |   265 |  1244 |   731 ||  2240
       Headbutt          |       |       |       |       |       |   118 |   265 ||   383
Invok: Heroism           |       |       |     3 |     7 |    12 |    10 |     7 ||    39
       Finesse           |       |       |       |     4 |     3 |     5 |     5 ||    17
 Abil: Evoke Blink       |       |       |       |       |       |     5 |       ||     5
Evoke: Wand              |       |       |       |    15 |     4 |     7 |     4 ||    30
  Use: Scroll            |       |     2 |     5 |    18 |     9 |     8 |     8 ||    50
       Potion            |       |     3 |     6 |     3 |     1 |    10 |     6 ||    29
 Stab: Invisible         |       |       |     6 |       |       |       |       ||     6
       Confused          |       |       |       |       |     1 |       |       ||     1
       Distracted        |       |       |       |       |       |       |     1 ||     1
  Eat: Chunk             |     1 |     8 |    12 |    19 |    35 |    34 |    16 ||   125
       Meat ration       |       |       |       |       |       |     1 |       ||     1
       Bread ration      |       |       |       |       |       |       |     1 ||     1
Armor: Scale mail        |    48 |   100 |    39 |       |       |       |       ||   187
       Skin              |       |       |    25 |       |       |       |       ||    25
       Plate armour      |       |       |   111 |   284 |   475 |   591 |   205 ||  1666
Dodge: Dodged            |    34 |    89 |    86 |   117 |   256 |   291 |    82 ||   955
Block: Shield            |    62 |   119 |   240 |   318 |   874 |  1034 |   209 ||  2856
       Large shield      |       |       |       |       |       |       |   299 ||   299
